TOP OF THE 1ST |
Orlando Calrissian batting - Pitching for Springfield Stars : RHP Willie St. John
|
Pitching: RHP Willie St. John
|
|
Batting: LHB Danny Allen
|
0-0: Ball 1-0: Ball 2-0: Fly out, F3 (Popup, 3SF)
|
Batting: RHB Frederico Hernández
|
0-0: Swinging Strike 0-1: TRIPLE (Flyball, 8LXD)
|
Batting: LHB Santiago Márquez
|
0-0: Foul Ball, location: 2F 0-1: Swinging Strike 0-2: Ball 1-2: Ball 2-2: Ball 3-2: Base on Balls
|
Batting: LHB Juan Jose Pineda
|
0-0: Ball 1-0: Fly out, F7 (Flyball, 7LM) Runner from 3rd tags up, SCORES, throw made
|
Batting: LHB Juan Colón
|
0-0: Foul Ball, location: 2F 0-1: Ball 1-1: Ball 2-1: Ball 3-1: Base on Balls Santiago Márquez to second
|
Batting: RHB Yasuoka Tanaka
|
0-0: Called Strike 0-1: Swinging Strike 0-2: Ball 1-2: Ball 2-2: Ball Wild Pitch! Santiago Márquez to third Juan Colón to second 3-2: Foul Ball, location: 2F 3-2: Strikes out looking
|
Top of the 1st over - 1 run(s), 1 hit(s), 0 error(s), 2 left on base; Orlando 1 - Springfield 0 |
BOTTOM OF THE 1ST |
Springfield Stars batting - Pitching for Orlando Calrissian : LHP Mark Collins
|
Pitching: LHP Mark Collins
|
|
Batting: RHB Calvin Bennett
|
0-0: Ball 1-0: Ball 2-0: Called Strike 2-1: Foul Ball, location: 2F 2-2: DOUBLE (Line Drive, 7D)
|
Batting: RHB Cho-yun Qiao
|
0-0: 2-RUN HOME RUN (Flyball, 7LD), Distance : 369 ft
|
Batting: LHB Derek Davidson
|
0-0: Ball 1-0: Swinging Strike 1-1: Foul Ball, location: 2F 1-2: Ball 2-2: Foul Ball, location: 2F 2-2: Strikes out looking
|
Batting: LHB Felipe Guerrero
|
0-0: Ball 1-0: SOLO HOME RUN (Line Drive, 8RXD) (Inside the Park)
|
Batting: RHB Juan Rodríguez
|
0-0: Ball 1-0: Foul Ball, location: 2F 1-1: Swinging Strike 1-2: Fly out, F9 (Flyball, 89D)
|
Batting: RHB Juan Carlos Rodríguez
|
0-0: Ball 1-0: Fly out, F7 (Flyball, 7S)
|
Bottom of the 1st over - 3 run(s), 3 hit(s), 0 error(s), 0 left on base; Orlando 1 - Springfield 3 |
TOP OF THE 2ND |
Orlando Calrissian batting - Pitching for Springfield Stars : RHP Willie St. John
|
Batting: LHB Greg Schultz
|
0-0: Ball 1-0: Foul Ball, location: 2F 1-1: Called Strike 1-2: Ball 2-2: Foul Ball, location: 2F 2-2: Foul Ball, location: 2F 2-2: Foul Ball, location: 2F 2-2: Foul Ball, location: 2F 2-2: Ball 3-2: Base on Balls
|
Batting: RHB Enrique Bermúdez
|
0-0: Fly out, F9 (Line Drive, 89S)
|
Batting: RHB Naomi Kitamura
|
0-0: Called Strike 0-1: Swinging Strike 0-2: Ball 1-2: Ball 2-2: Ball 3-2: Strikes out swinging
|
Batting: LHB Danny Allen
|
0-0: Ball 1-0: Swinging Strike 1-1: Ball 2-1: Foul Ball, location: 2F 2-2: Foul Ball, location: 2F 2-2: Ground out 4-3 (Groundball, 4)
|
Top of the 2nd over - 0 run(s), 0 hit(s), 0 error(s), 1 left on base; Orlando 1 - Springfield 3 |
BOTTOM OF THE 2ND |
Springfield Stars batting - Pitching for Orlando Calrissian : LHP Mark Collins
|
Batting: LHB Ryan Drake
|
0-0: Called Strike 0-1: Fly out, F8 (Popup, 8LS)
|
Batting: RHB Will Sterling
|
0-0: Ball 1-0: Ball 2-0: Foul Ball, location: 2F 2-1: SOLO HOME RUN (Flyball, 8LXD) (Inside the Park)
|
Batting: LHB Jesús Tobías
|
0-0: Called Strike 0-1: Called Strike 0-2: Strikes out swinging
|
Batting: RHB Calvin Bennett
|
0-0: Called Strike 0-1: Ball 1-1: Ball 2-1: Ball 3-1: Fly out, F3 (Popup, 23)
|
Bottom of the 2nd over - 1 run(s), 1 hit(s), 0 error(s), 0 left on base; Orlando 1 - Springfield 4 |
TOP OF THE 3RD |
Orlando Calrissian batting - Pitching for Springfield Stars : RHP Willie St. John
|
Batting: RHB Frederico Hernández
|
0-0: Called Strike 0-1: Ball 1-1: Ball 2-1: Ball 3-1: Called Strike 3-2: Ground out 4-3 (Groundball, 4)
|
Batting: LHB Santiago Márquez
|
0-0: Called Strike 0-1: Foul Ball, location: 2F 0-2: Fly out, F8 (Flyball, 8LS)
|
Batting: LHB Juan Jose Pineda
|
0-0: Ball 1-0: Called Strike 1-1: Swinging Strike 1-2: Ball 2-2: SINGLE (Line Drive, 6D)
|
Batting: LHB Juan Colón
|
0-0: Ball 1-0: Foul Ball, location: 2F 1-1: Ball 2-1: Ground out U3 (Groundball, 3)
|
Top of the 3rd over - 0 run(s), 1 hit(s), 0 error(s), 1 left on base; Orlando 1 - Springfield 4 |
BOTTOM OF THE 3RD |
Springfield Stars batting - Pitching for Orlando Calrissian : LHP Mark Collins
|
Batting: RHB Cho-yun Qiao
|
0-0: Called Strike 0-1: Ball 1-1: Swinging Strike 1-2: Strikes out swinging
|
Batting: LHB Derek Davidson
|
0-0: Ball 1-0: Ball 2-0: Called Strike 2-1: Ball 3-1: Foul Ball, location: 2F 3-2: SINGLE (Groundball, 34D)
|
Batting: LHB Felipe Guerrero
|
0-0: Called Strike 0-1: Called Strike 0-2: Ball 1-2: Strikes out swinging
|
Batting: RHB Juan Rodríguez
|
0-0: Called Strike 0-1: Called Strike 0-2: Foul Ball, location: 2F 0-2: Ball 1-2: Strikes out looking
|
Bottom of the 3rd over - 0 run(s), 1 hit(s), 0 error(s), 1 left on base; Orlando 1 - Springfield 4 |
TOP OF THE 4TH |
Orlando Calrissian batting - Pitching for Springfield Stars : RHP Willie St. John
|
Batting: RHB Yasuoka Tanaka
|
0-0: Ball 1-0: Called Strike 1-1: SINGLE (Flyball, 7S)
|
Batting: LHB Greg Schultz
|
0-0: Fly out, F7 (Popup, 6D)
|
Batting: RHB Enrique Bermúdez
|
0-0: Ball 1-0: Ball 2-0: Foul Ball, location: 2F 2-1: Swinging Strike 2-2: Strikes out looking
|
Batting: RHB Naomi Kitamura
|
0-0: Ball 1-0: Called Strike 1-1: Ball 2-1: Ball 3-1: DOUBLE (Line Drive, 89XD) Yasuoka Tanaka to third Runner from 3rd tries for Home, SAFE, no throw or cutoff
|
Batting: LHB Danny Allen
|
0-0: Ball 1-0: Ball 2-0: Foul Ball, location: 2F 2-1: Ball 3-1: Base on Balls
|
Batting: RHB Frederico Hernández
|
0-0: Fly out, F1 (Popup, 2R)
|
Top of the 4th over - 1 run(s), 2 hit(s), 0 error(s), 2 left on base; Orlando 2 - Springfield 4 |
BOTTOM OF THE 4TH |
Springfield Stars batting - Pitching for Orlando Calrissian : LHP Mark Collins
|
Batting: RHB Juan Carlos Rodríguez
|
0-0: Called Strike 0-1: Ball 1-1: Called Strike 1-2: Ball 2-2: Fly out, F5 (Popup, 5F)
|
Batting: LHB Ryan Drake
|
0-0: Called Strike 0-1: Swinging Strike 0-2: Ball 1-2: Foul Ball, location: 2F 1-2: Foul Ball, location: 2F 1-2: Foul Ball, location: 2F 1-2: Ball 2-2: SINGLE (Groundball, 34D)
|
Batting: RHB Will Sterling
|
0-0: Foul Ball, location: 2F 0-1: Ball 1-1: Ball 2-1: Ball 3-1: Base on Balls Ryan Drake to second
|
Batting: LHB Jesús Tobías
|
0-0: Ball 1-0: SINGLE (Groundball, 34D) Ryan Drake to third Will Sterling to second Runner from 3rd tries for Home, SAFE, throw made home Will Sterling to third Jesús Tobías to second
|
Batting: RHB Calvin Bennett
|
0-0: DOUBLE (Line Drive, 89XD) Will Sterling scores Jesús Tobías scores
|
Batting: RHB Cho-yun Qiao
|
0-0: Ball 1-0: Ball 2-0: Called Strike 2-1: Ball 3-1: Base on Balls
|
Batting: LHB Derek Davidson
|
0-0: SINGLE (Groundball, 2R) (infield hit) Calvin Bennett to third Cho-yun Qiao to second
|
Batting: LHB Felipe Guerrero
|
0-0: Ball 1-0: Called Strike 1-1: Ball 2-1: Called Strike 2-2: Ball 3-2: Base on Balls Calvin Bennett scores Cho-yun Qiao to third Derek Davidson to second
|
Batting: RHB Juan Rodríguez
|
0-0: Swinging Strike 0-1: Swinging Strike 0-2: Foul Ball, location: 2F 0-2: Foul Ball, location: 2F 0-2: Ball 1-2: Fly out, F4 (Popup, 6MD)
|
Batting: RHB Juan Carlos Rodríguez
|
0-0: Called Strike 0-1: Ball 1-1: Swinging Strike 1-2: Ball 2-2: Fly out, F7 (Flyball, 78D)
|
Bottom of the 4th over - 4 run(s), 4 hit(s), 0 error(s), 3 left on base; Orlando 2 - Springfield 8 |
TOP OF THE 5TH |
Orlando Calrissian batting - Pitching for Springfield Stars : RHP Willie St. John
|
Batting: LHB Santiago Márquez
|
0-0: Ball 1-0: Foul Ball, location: 2F 1-1: Called Strike 1-2: Fly out, F7 (Flyball, 78S)
|
Batting: LHB Juan Jose Pineda
|
0-0: Ball 1-0: Ball 2-0: Ball 3-0: Base on Balls
|
Batting: LHB Juan Colón
|
0-0: Fly out, F7 (Popup, 7S)
|
Batting: RHB Yasuoka Tanaka
|
0-0: Called Strike 0-1: Reached on error, E6 (Groundball, 6) Juan Jose Pineda to second
|
Batting: LHB Greg Schultz
|
0-0: Ground out 6-3 (Groundball, 6)
|
Top of the 5th over - 0 run(s), 0 hit(s), 1 error(s), 2 left on base; Orlando 2 - Springfield 8 |
BOTTOM OF THE 5TH |
Springfield Stars batting - Pitching for Orlando Calrissian : LHP Mark Collins
|
Pitching: RHP Bernardo Hernández
|
|
Batting: LHB Ryan Drake
|
0-0: SINGLE (Groundball, 34D)
|
Batting: RHB Will Sterling
|
0-0: Foul Ball, location: 2F 0-1: Ball 1-1: Ball 2-1: SINGLE (Line Drive, 4M) Ryan Drake to second
|
Batting: LHB Jesús Tobías
|
0-0: Ball 1-0: Called Strike 1-1: Ball 2-1: Ball 3-1: Foul Ball, location: 2F 3-2: Base on Balls Ryan Drake to third Will Sterling to second
|
Batting: RHB Calvin Bennett
|
0-0: Called Strike 0-1: Fly out, F8 (Flyball, 8LS)
|
Batting: RHB Cho-yun Qiao
|
0-0: Ball 1-0: Called Strike 1-1: Called Strike 1-2: Strikes out swinging
|
Batting: LHB Derek Davidson
|
0-0: Called Strike 0-1: Ball 1-1: Foul Ball, location: 2F 1-2: Foul Ball, location: 2F 1-2: Foul Ball, location: 2F 1-2: Fly out, F8 (Flyball, 8RM)
|
Bottom of the 5th over - 0 run(s), 2 hit(s), 0 error(s), 3 left on base; Orlando 2 - Springfield 8 |
TOP OF THE 6TH |
Orlando Calrissian batting - Pitching for Springfield Stars : RHP Willie St. John
|
Pitching: RHP Larry Jackson
|
|
Batting: RHB Enrique Bermúdez
|
0-0: Ball 1-0: Called Strike 1-1: Swinging Strike 1-2: Strikes out swinging
|
Batting: RHB Naomi Kitamura
|
0-0: Foul Ball, location: 2F 0-1: Foul Ball, location: 2F 0-2: Ball 1-2: Strikes out swinging
|
Batting: LHB Danny Allen
|
0-0: Ball 1-0: Ball 2-0: SINGLE (Line Drive, 4MD)
|
Batting: RHB Frederico Hernández
|
0-0: Ball 1-0: Ball 2-0: Called Strike 2-1: Foul Ball, location: 2F 2-2: SINGLE (Line Drive, 6MD) Danny Allen to second
|
Batting: LHB Santiago Márquez
|
0-0: Called Strike 0-1: Ball 1-1: Ball 2-1: Ball 3-1: Base on Balls Danny Allen to third Frederico Hernández to second
|
Batting: LHB Juan Jose Pineda
|
0-0: Called Strike 0-1: Fly out, F8 (Flyball, 89M)
|
Top of the 6th over - 0 run(s), 2 hit(s), 0 error(s), 3 left on base; Orlando 2 - Springfield 8 |
BOTTOM OF THE 6TH |
Springfield Stars batting - Pitching for Orlando Calrissian : RHP Bernardo Hernández
|
Batting: LHB Felipe Guerrero
|
0-0: Ball 1-0: Called Strike 1-1: Ball 2-1: Ball 3-1: Foul Ball, location: 2F 3-2: Strikes out swinging
|
Batting: RHB Juan Rodríguez
|
0-0: Called Strike 0-1: Fly out, F9 (Flyball, 89M)
|
Batting: RHB Juan Carlos Rodríguez
|
0-0: Ball 1-0: Called Strike 1-1: Called Strike 1-2: Ground out 5-3 (Groundball, 56S)
|
Bottom of the 6th over - 0 run(s), 0 hit(s), 0 error(s), 0 left on base; Orlando 2 - Springfield 8 |
TOP OF THE 7TH |
Orlando Calrissian batting - Pitching for Springfield Stars : RHP Larry Jackson
|
Batting: LHB Juan Colón
|
0-0: SINGLE (Groundball, 6M)
|
Batting: RHB Yasuoka Tanaka
|
0-0: Ball 1-0: Swinging Strike 1-1: Foul Ball, location: 2F 1-2: Strikes out swinging
|
Batting: LHB Greg Schultz
|
0-0: Called Strike 0-1: Foul Ball, location: 2F 0-2: Ball 1-2: Strikes out swinging
|
Batting: RHB Enrique Bermúdez
|
0-0: Foul Ball, location: 2F 0-1: Fly out, F8 (Line Drive, 8RM)
|
Top of the 7th over - 0 run(s), 1 hit(s), 0 error(s), 1 left on base; Orlando 2 - Springfield 8 |
BOTTOM OF THE 7TH |
Springfield Stars batting - Pitching for Orlando Calrissian : RHP Bernardo Hernández
|
Pitching: RHP Ramón Soto
|
|
Batting: LHB Ryan Drake
|
0-0: Called Strike 0-1: Ball 1-1: SINGLE (Groundball, 4MD)
|
Batting: RHB Will Sterling
|
0-0: Ball 1-0: Sac Bunt - play at first, batter OUT! 1-4 Ryan Drake to second
|
Batting: LHB Jesús Tobías
|
0-0: SINGLE (Flyball, 78M) Ryan Drake to third
|
Batting: RHB Calvin Bennett
|
0-0: Called Strike 0-1: Ball 1-1: Foul Ball, location: 2F 1-2: Foul Ball, location: 2F 1-2: Fly out, F8 (Line Drive, 8RXD) Runner from 3rd tags up, SCORES, no throw
|
Batting: RHB Cho-yun Qiao
|
0-0: Ball 1-0: Fly out, F4 (Popup, 4D)
|
Bottom of the 7th over - 1 run(s), 2 hit(s), 0 error(s), 1 left on base; Orlando 2 - Springfield 9 |
TOP OF THE 8TH |
Orlando Calrissian batting - Pitching for Springfield Stars : RHP Larry Jackson
|
Pitching: RHP Alberto Vásquez
|
|
Now in LF: Martín Medina
|
|
Batting: RHB Naomi Kitamura
|
0-0: Called Strike 0-1: Ball 1-1: Foul Ball, location: 2F 1-2: Ground out 6-3 (Groundball, 6)
|
Batting: LHB Danny Allen
|
0-0: Ball 1-0: Foul Ball, location: 2F 1-1: TRIPLE (Flyball, 89XD)
|
Batting: RHB Frederico Hernández
|
0-0: Swinging Strike 0-1: Ball 1-1: Called Strike 1-2: Foul Ball, location: 2F 1-2: Foul Ball, location: 2F 1-2: Ground out 5-3 (Groundball, 5S)
|
Batting: LHB Santiago Márquez
|
0-0: Foul Ball, location: 2F 0-1: Swinging Strike 0-2: Ball 1-2: Strikes out swinging
|
Top of the 8th over - 0 run(s), 1 hit(s), 0 error(s), 1 left on base; Orlando 2 - Springfield 9 |
BOTTOM OF THE 8TH |
Springfield Stars batting - Pitching for Orlando Calrissian : RHP Ramón Soto
|
Batting: LHB Derek Davidson
|
0-0: Ball 1-0: Ball 2-0: Swinging Strike 2-1: Ball 3-1: Swinging Strike 3-2: Foul Ball, location: 2F 3-2: Foul Ball, location: 2F 3-2: Foul Ball, location: 2F 3-2: Base on Balls
|
Batting: LHB Felipe Guerrero
|
0-0: Called Strike 0-1: Ball 1-1: Foul Ball, location: 2F 1-2: 2-RUN HOME RUN (Flyball, 89XD), Distance : 412 ft
|
Pitching: LHP Carlos Berru
|
|
Batting: RHB Juan Rodríguez
|
0-0: Ball 1-0: Foul Ball, location: 2F 1-1: Ball 2-1: Swinging Strike 2-2: Strikes out looking
|
Batting: RHB Juan Carlos Rodríguez
|
0-0: Foul Ball, location: 2F 0-1: Foul Ball, location: 2F 0-2: Ball 1-2: Ball 2-2: Fly out, F9 (Flyball, 9D)
|
Pinch Hitting: SHB David García
|
0-0: Ground out 4-3 (Groundball, 4M)
|
Bottom of the 8th over - 2 run(s), 1 hit(s), 0 error(s), 0 left on base; Orlando 2 - Springfield 11 |
TOP OF THE 9TH |
Orlando Calrissian batting - Pitching for Springfield Stars : RHP Alberto Vásquez
|
Now at SS: David García
|
|
Pinch Hitting: RHB Steve Brown
|
0-0: Ball 1-0: Ball 2-0: SOLO HOME RUN (Flyball, 7D), Distance : 397 ft
|
Batting: LHB Juan Colón
|
0-0: Ball 1-0: Swinging Strike 1-1: Ball 2-1: SINGLE (Flyball, 7LS)
|
Batting: RHB Yasuoka Tanaka
|
0-0: Swinging Strike 0-1: Ball 1-1: Foul Ball, location: 2F 1-2: Foul Ball, location: 2F Single, Error in OF, E7, batter to second base Juan Colón to third
|
Batting: LHB Greg Schultz
|
0-0: Ground out U3 (Groundball, 3L)
|
Batting: RHB Enrique Bermúdez
|
0-0: Foul Ball, location: 2F 0-1: Ground out 5-3 (Groundball, 5S)
|
Batting: RHB Naomi Kitamura
|
0-0: Ball 1-0: Called Strike 1-1: Called Strike 1-2: Ground out 1-3 (Groundball, 15)
|
Top of the 9th over - 1 run(s), 3 hit(s), 1 error(s), 2 left on base; Orlando 3 - Springfield 11 |
|